 Dungeon Crawl Stone Soup version 0.19-a0-1540-g35a11b8 (webtiles) character file.

3095 Arkorax the Cleaver (level 9, -10/72 HPs)
             Began as a Demonspawn Berserker on Sept 14, 2016.
             Was an Elder of Trog.
             Mangled by a red ugly thing (17 damage)
             ... on level 8 of the Dungeon.
             The game lasted 00:08:18 (6094 turns).

Arkorax the Cleaver (Demonspawn Berserker)          Turns: 6094, Time: 00:08:18

Health: -10/72     AC: 18    Str: 20    XL:     9   Next: 59%
Magic:  18/18      EV:  9    Int:  9    God:    Trog [****..]
Gold:   275        SH:  0    Dex: 13    Spells: 0 memorised, 8 levels left

rFire  . . .     SeeInvis .     O - +4 battleaxe (vamp)
rCold  + . .     Gourm    .     B - +0 plate armour
rNeg   . . .     Faith    .     (shield currently unavailable)
rPois  +         Spirit   .     (helmet unavailable)
rElec  .         Dismiss  .     u - +1 cloak {rPois}
rCorr  .         Reflect  .     v - +0 pair of gloves
MR     .....     Harm     .     (no boots)
Stlth  ..........               e - amulet of regeneration
                                A - ring of magical power
                                r - +2 ring of evasion

@: no status effects
A: horns 3, molten scales 1, cold resistance 1, powered by death 1
a: Berserk, Trog's Hand, Brothers in Arms, Burn Spellbooks, Renounce Religion


You were on level 8 of the Dungeon.
You worshipped Trog.
Trog was greatly pleased with you.
You were not hungry.

You visited 1 branch of the dungeon, and saw 8 of its levels.

You collected 424 gold pieces.
You spent 149 gold pieces at shops.

Inventory:

Hand Weapons
 M - a +1 flail of protection
   (You took it off an orc on level 6 of the Dungeon)
 O - a +4 vampiric battleaxe (weapon)
   (You took it off a wight on level 7 of the Dungeon)
Missiles
 x - 2 curare-tipped needles
Armour
 m - a troll hide
 u - a +1 cloak of poison resistance (worn)
   (You took it off Crazy Yiuf on level 4 of the Dungeon)
 v - a +0 pair of gloves (worn)
 B - a +0 plate armour (worn)
Jewellery
 e - an amulet of regeneration (around neck)
 j - an uncursed amulet of the gourmand {unknown}
 r - a +2 ring of evasion (left hand)
 t - an uncursed ring of ice
 A - a ring of magical power (right hand)
 H - an uncursed amulet of rage {unknown}
Scrolls
 b - 2 scrolls of remove curse
 g - 2 scrolls of fog
 i - 3 scrolls of immolation {!r}
 y - 3 scrolls of amnesia
 F - 8 scrolls of identify
 I - a scroll of fear {!r}
 K - a scroll of recharging {unknown}
 N - 2 scrolls of blinking
 P - 2 scrolls of magic mapping {!r}
 Q - a scroll of teleportation {!r}
 R - a scroll of enchant weapon
Potions
 d - 5 potions of curing
 f - a potion of flight
 h - a potion of lignification {unknown}
 k - a potion of haste {unknown}
 l - 2 potions of brilliance {!q}
 n - a potion of degeneration {unknown}
 o - a potion of agility {!q}
 C - a potion of heal wounds {unknown}
 E - 2 potions of berserk rage {unknown}
 G - a potion of magic {unknown}
 J - 3 potions of might {!q}
 L - 2 potions of cancellation {unknown}
Books
 S - a book of Unlife
Comestibles
 a - a slice of pizza
 c - a bread ration {!e}
 p - 4 fruits
 q - 3 beef jerkies
 D - 5 meat rations {!e}


   Skills:
 + Level 7.3 Fighting
 * Level 9.3 Axes
 + Level 6.3 Armour
 - Level 1.7 Dodging


You had 8 spell levels left.
You didn't know any spells.

Dungeon Overview and Level Annotations

Branches:
Dungeon (8/15)             Temple (0/1) D:7
   Lair: D:8-11

Altars:
Elyvilon
Gozag
Kikubaaqudgha
Okawaru
Sif Muna
Trog
Uskayaw
Vehumet
Yredelemnul

Shops:
D:8 *


Innate Abilities, Weirdness & Mutations

You have a pair of large horns on your head.
You are partially covered in molten scales. (AC +2)
Your flesh is cold resistant. (rC+)
You regenerate a little health from kills.


Message History

Found two stone staircases leading down.
No target in view!
Found a battleaxe.
You now have 275 gold pieces (gained 5).
No target in view!
No target in view!
A worker ant comes into view.
The worker ant twitches its antennae in your direction.
Found 24 stones.
A red ugly thing comes into view.
The red ugly thing gurgles horribly!
There are monsters nearby!
The worker ant bites you but does no damage.
You hit the worker ant.
The worker ant is lightly wounded.
The worker ant barely misses you.
You closely miss the red ugly thing.
Your headbutt misses the red ugly thing.
The red ugly thing bites you.
You are engulfed in flames!!
There are monsters nearby!
There are monsters nearby!
You slash the worker ant!
You feel better.
The worker ant is almost dead.
You completely miss the red ugly thing. The worker ant barely misses you.
The red ugly thing closely misses you.
The worker ant bites you but does no damage.
You closely miss the worker ant.
The worker ant is almost dead.
You closely miss the red ugly thing. The worker ant barely misses you.
The red ugly thing barely misses you.
There are monsters nearby!
You hit the worker ant.
You feel better.
You kill the worker ant!
Trog accepts your kill.
You slash the red ugly thing!
You feel better. The red ugly thing bites you!
You are engulfed in flames!!
* * * LOW HITPOINT WARNING * * *
Unknown command.
Damage: 39 (max 39) Unknown command.
You slice the red ugly thing!!
The red ugly thing is moderately wounded.
The red ugly thing bites you!
* * * LOW HITPOINT WARNING * * *
You are engulfed in flames!
* * * LOW HITPOINT WARNING * * *
The red ugly thing bites you!
* * * LOW HITPOINT WARNING * * *
You are engulfed in flames!
You die...

. .# .#.# ...# #..#
### #.(# ..# #..#
#.# #u†# #.# ##@.#
##>######...## ####
#............# ..#
#..####.##.##..# #.#
#.............)#
#.###.#####.##.##.##
###..........>...# #
........#######.#.
######### #.#


You could see a red ugly thing.

Vanquished Creatures
  The ghost of Trateck the Digger, an amateur GrEE (D:3)
  A hippogriff (D:7)
  A hungry ghost (D:7)
  Menkaure (D:7)
  An ice beast (D:8)
  2 sky beasts
  An orc warrior (D:7)
  2 ogres
  A phantom (D:7)
  A centaur (D:7)
  A big kobold (D:7)
  3 giant frogs
  11 wights
  A howler monkey (D:8)
  2 crimson imps
  4 giant frog zombies
  A centaur zombie (D:8)
  A hound (D:4)
  A jelly (D:7)
  Crazy Yiuf (D:4)
  A giant frog skeleton (D:7)
  5 orc priests
  4 orc wizards
  4 iguanas
  2 worker ants
  A worker ant zombie (D:6)
  12 adders
  9 gnolls
  2 shadow imps
  An adder zombie (D:5)
  An adder skeleton (D:3)
  3 worms
  A dart slug (D:1)
  6 giant geckos
  31 orcs
  2 giant cockroaches (D:3)
  8 goblins
  A hobgoblin (D:1)
  4 quokkas
  2 ball pythons
  9 bats
  5 giant newts
  A jackal zombie (D:5)
  11 kobolds
  8 rats
172 creatures vanquished.

Notes
Turn   | Place    | Note
-------+----------+-------------------------------------------
     0 | D:1      | Arkorax the Demonspawn Berserker began the quest for the Orb.
     0 | D:1      | Reached XP level 1. HP: 18/18 MP: 1/1
   345 | D:1      | Reached skill level 3 in Axes
   368 | D:1      | Gained mutation: You are partially covered in molten scales. (AC +2) [demonic ancestry]
   368 | D:1      | Reached XP level 2. HP: 18/24 MP: 2/2
   560 | D:1      | Reached skill level 2 in Armour
   955 | D:2      | Gained mutation: Your flesh is cold resistant. (rC+) [demonic ancestry]
   955 | D:2      | Reached XP level 3. HP: 23/29 MP: 3/3
  1548 | D:3      | Noticed Trateck's ghost (amateur GrEE)
  1583 | D:3      | Reached XP level 4. HP: 35/35 MP: 4/4
  1610 | D:3      | Reached ** piety under Trog
  1621 | D:3      | Found an opulent altar of Gozag.
  1733 | D:3      | Killed Trateck's ghost
  1733 | D:3      | Reached skill level 4 in Fighting
  1733 | D:3      | Reached skill level 4 in Axes
  1733 | D:3      | Reached skill level 3 in Armour
  1733 | D:3      | Gained mutation: You regenerate a little health from kills. [demonic ancestry]
  1733 | D:3      | Reached XP level 5. HP: 42/42 MP: 5/5
  1846 | D:3      | Found a bloodstained altar of Trog.
  1892 | D:3      | Gained mutation: You have a pair of small horns on your head. [demonic ancestry]
  1892 | D:3      | Reached XP level 6. HP: 48/48 MP: 6/6
  2377 | D:3      | Reached skill level 5 in Axes
  2621 | D:4      | Found a runed door.
  2825 | D:4      | Found a hide-covered altar of Uskayaw.
  2996 | D:4      | Noticed Crazy Yiuf
  3003 | D:4      | Killed Crazy Yiuf
  3069 | D:5      | Entered Level 5 of the Dungeon
  3801 | D:5      | Reached XP level 7. HP: 55/55 MP: 7/7
  3985 | D:6      | Reached *** piety under Trog
  3989 | D:6      | Reached skill level 4 in Armour
  4011 | D:6      | Reached skill level 5 in Fighting
  4088 | D:6      | Reached skill level 6 in Axes
  4196 | D:6      | HP: 6/56 [ogre/giant club (19)]
  4206 | D:6      | HP: 10/56 [ogre/giant club (10)]
  4219 | D:6      | HP: 22/84 [something (6)]
  4388 | D:6      | Found a deep blue altar of Sif Muna.
  4389 | D:6      | Found an ancient bone altar of Kikubaaqudgha.
  4389 | D:6      | Found a radiant altar of Vehumet.
  4391 | D:6      | Identified Kikubaaqudgha's Incunabulum of Stolen Souls
  4464 | D:6      | Gained mutation: You have a pair of horns on your head. [demonic ancestry]
  4464 | D:6      | Reached XP level 8. HP: 62/62 MP: 8/8
  4795 | D:7      | Reached skill level 7 in Axes
  4920 | D:7      | Found a staircase to the Ecumenical Temple.
  4931 | D:7      | Reached **** piety under Trog
  4931 | D:7      | Reached skill level 6 in Fighting
  4931 | D:7      | Reached skill level 5 in Armour
  4960 | D:7      | Noticed Menkaure
  4971 | D:7      | Killed Menkaure
  5032 | D:7      | Reached skill level 8 in Axes
  5158 | D:7      | Gained mutation: You have a pair of large horns on your head. [demonic ancestry]
  5158 | D:7      | Reached XP level 9. HP: 55/71 MP: 9/9
  5353 | D:7      | Found an iron altar of Okawaru.
  5356 | D:7      | Found a white marble altar of Elyvilon.
  5359 | D:7      | Found a basalt altar of Yredelemnul.
  5589 | D:7      | Reached skill level 6 in Armour
  5956 | D:8      | Reached skill level 7 in Fighting
  5956 | D:8      | Reached skill level 9 in Axes
  5982 | D:8      | Found Dihapt's General Store.
  5987 | D:8      | Bought a scroll of blinking for 97 gold pieces
  5987 | D:8      | Bought a potion of might for 52 gold pieces
  6087 | D:8      | Noticed a red ugly thing
  6094 | D:8      | HP: 14/72 [red ugly thing (12)]
  6094 | D:8      | Mangled by a red ugly thing

Vault maps used:
D:1:      evilmike_arrival_sounds_zot, serial_glass, glass_columns_b,
          glass_columns_c
D:2:      first_bread
D:3:      minmay_diamond_boxcup, lightli_temple_of_fire, lemuel_round_altar,
          gup_sewer_entry_spiral
D:4:      lemuel_crystal_altar, minmay_tree_intersection, st_stairs_9,
          uniq_crazy_yiuf_cottage
D:6:      grunt_temple_overflow_magic_moments
D:7:      grunt_temple_overflow_diamond, uniq_menkaure
D:8:      serial_shops, shop

Skill      XL: |  1  2  3  4  5  6  7  8  9 |
---------------+----------------------------+-----
Axes           | 3 4 5 6 8 9 |  9.3
Armour         | 2 3 4 5 6 |  6.3
Fighting       | 4 5 6 7 |  7.3
Dodging        | |  1.7

Action                   |  1- 3 |  4- 6 |  7- 9 || total
-------------------------+-------+-------+-------++-------
Melee: Hand axe          |   171 |       |       ||   171
       War axe           |     5 |   176 |   107 ||   288
       Headbutt          |       |    20 |    52 ||    72
       Battleaxe         |       |       |   154 ||   154
Invok: Berserk           |       |     3 |     3 ||     6
       Trog's Hand       |       |     2 |     2 ||     4
       Burn Spellbooks   |       |       |     1 ||     1
  Use: Scroll            |       |    12 |     3 ||    15
  Eat: Chunk             |     2 |     6 |     8 ||    16
       Bread ration      |       |     1 |     3 ||     4
       Meat ration       |       |       |     1 ||     1
Armor: Animal skin       |    47 |       |       ||    47
       Chain mail        |    61 |    30 |       ||    91
       Plate armour      |       |   103 |   177 ||   280
Dodge: Dodged            |   100 |    93 |   132 ||   325

Table legend:
 A = Turns spent in this place as a percentage of turns spent in the entire game.
 B = Non-inter-level travel turns spent in this place as a percentage of non-inter-level travel turns spent in the entire game.
 C = Inter-level travel turns spent in this place as a percentage of turns spent in this place.
 D = Turns resting spent in this place as a percentage of non-inter-level travel turns spent in this place.
 E = Turns spent auto-exploring this place as a percentage of non-inter-level travel turns spent in this place.
 F = Non-inter-level travel turns spent in this place divided by the number of levels of this place that you've seen.
                   A       B       C       D       E      F
               +-------+-------+-------+-------+-------+----------------------
         Total | 100.0 | 100.0 |   0.6 |   1.8 |  13.7 | 320.4
       Dungeon | 100.0 | 100.0 |   0.6 |   1.8 |  13.7 | 320.4
               +-------+-------+-------+-------+-------+----------------------

Vault maps used:
D:1:      evilmike_arrival_sounds_zot, serial_glass, glass_columns_b,
          glass_columns_c
D:2:      first_bread
D:3:      minmay_diamond_boxcup, lightli_temple_of_fire, lemuel_round_altar,
          gup_sewer_entry_spiral
D:4:      lemuel_crystal_altar, minmay_tree_intersection, st_stairs_9,
          uniq_crazy_yiuf_cottage
D:6:      grunt_temple_overflow_magic_moments
D:7:      grunt_temple_overflow_diamond, uniq_menkaure
D:8:      serial_shops, shop
